 Dungeon Crawl Stone Soup version 0.26-a0-708-g17f3b19 (webtiles) character file.

Game seed: 8042265464238477197

23455 BarneyGumball the Arsonist (level 12, -8/96 HPs)
             Began as a Grey Draconian Fire Elementalist on Oct 27, 2020.
             Was a High Priest of Vehumet.
             Mangled by a catoblepas (10 damage)
             ... while petrified by you
             ... on level 2 of the Lair of Beasts on Oct 28, 2020.
             The game lasted 01:38:08 (21486 turns).

BarneyGumball the Arsonist (DrFE)                  Turns: 21486, Time: 01:38:09

Health: -8/96      AC: 15    Str: 11    XL:     12   Next: 72%
Magic:  20/25      EV:  2    Int: 20    God:    Vehumet [*****.]
Gold:   262        SH:  0    Dex: 12    Spells: 11/29 levels left

rFire    . . .     SeeInvis .   e - +1 dagger (speed)
rCold    . . .     Faith    .   (no shield)
rNeg     + + +     Spirit   .   (armour unavailable)
rPois    ∞         Reflect  .   (helmet restricted)
rElec    .         Harm     .   K - scarf {repulsion}
rCorr    .         Rampage  .   i - +0 pair of gloves
MR       .....                  N - +0 pair of boots {run}
Stlth    ++........             (no amulet)
HPRegen  0.26/turn              (no ring)
MPRegen  0.19/turn              (no ring)

@: petrified, repel missiles, quick
A: walk through water, unfitting armour, unbreathing, cold-blooded, AC +13
a: Renounce Religion


You were on level 2 of the Lair of Beasts.
You worshipped Vehumet.
Vehumet was extremely pleased with you.
You visited 3 branches of the dungeon, and saw 15 of its levels.

You collected 956 gold pieces.
You spent 694 gold pieces at shops.

Inventory:

Hand Weapons
 e - a +1 dagger of speed (weapon)
 q - a +3 dagger
 y - a +3 scimitar of flaming
Missiles
 x - a throwing net (quivered)
Armour
 f - a +2 cloak
 i - a +0 pair of gloves (worn)
 K - a scarf of repulsion (worn)
 N - a +0 pair of boots of running (worn)
Jewellery
 s - an uncursed ring of ice
 I - an uncursed amulet of regeneration
 M - a cursed ring of ice
Wands
 l - a wand of polymorph (23)
 o - a wand of acid (4)
 v - a wand of random effects (44)
 B - a wand of flame (29)
 F - a wand of iceblast (10)
Scrolls
 a - 3 scrolls of enchant armour
 b - 8 scrolls of identify
 c - a scroll of blinking
 g - 9 scrolls of teleportation
 h - 3 scrolls of immolation
 p - 3 scrolls of remove curse
 t - a scroll of amnesia
 u - 3 scrolls of magic mapping
 z - a scroll of summoning
 A - a scroll of torment
 C - a scroll of fog
 E - a scroll of holy word {unknown}
 G - a scroll of enchant weapon
 H - 3 scrolls of fear
Potions
 d - a potion of magic
 j - 2 potions of brilliance
 k - 2 potions of flight
 m - a potion of haste
 n - a potion of invisibility
 r - 4 potions of stabbing
 w - 3 potions of might
 D - 2 potions of curing
 J - a potion of berserk rage
 L - a potion of ambrosia {unknown}


   Skills:
 - Level 6.0 Fighting
 - Level 2.4 Short Blades
 + Level 5.8 Dodging
 - Level 3.0 Stealth
 * Level 9.1 Spellcasting
 - Level 11.8 Conjurations
 + Level 12.3 Fire Magic
 - Level 2.1 Evocations


You had 11 spell levels left.
You knew the following spells:

 Your Spells              Type           Power        Failure   Level
a - Foxfire               Conj/Fire      ####         1%          1
b - Conjure Flame         Conj/Fire      ######..     1%          3
c - Sticky Flame          Conj/Fire      ######..     1%          4
d - Fireball              Conj/Fire      ######....   1%          5
e - Lee's Rapid Deconstr  Erth           #.........   45%         5

Your spell library contained the following spells:

 Spells                   Type           Power        Failure   Level
 Spellforged Servitor     Conj/Summ      ####......   78%         7
 Ignite Poison            Fire/Tmut/Pois ####....     1%          3
 Inner Flame              Hex/Fire       ####....     1%          3
 Mephitic Cloud           Conj/Pois/Air  ###.....     1%          3
 Hailstorm                Conj/Ice       ####....     1%          4
 Iskenderun's Mystic Bla  Conj/Tloc      ####....     1%          4
 Freeze                   Ice            #...         2%          1
 Starburst                Conj/Fire      ######....   2%          6
 Frozen Ramparts          Ice            #.....       6%          3
 Beastly Appendage        Tmut           #.....       8%          1
 Poisonous Vapours        Pois/Air       #.....       12%         2
 Wereblood                Tmut           #.......     12%         2
 Ozocubu's Armour         Ice            #.......     22%         3
 Spider Form              Tmut/Pois      #.........   22%         3
 Freezing Cloud           Conj/Ice/Air   ###.......   50%         6
 Ice Form                 Ice/Tmut       #.......     58%         4
 Summon Ice Beast         Ice/Summ       #.......     58%         4
 Ignition                 Fire           ######....   58%         8
 Blade Hands              Tmut           #.........   91%         5


Dungeon Overview and Level Annotations

Branches:
Dungeon (12/15)            Temple (1/1) D:4            Lair (2/6) D:11
    Orc (0/2) D:10
  Swamp: Lair:2-4    Shoals: Lair:2-4     Snake: Lair:2-4    Spider: Lair:2-4

Altars:
Ashenzari
Cheibriados
Dithmenos
Fedhas
Gozag
Hepliaklqana
Kikubaaqudgha
Makhleb
Nemelex Xobeh
Okawaru
Qazlal
Ru
Sif Muna
Trog
Uskayaw
Vehumet
Wu Jian
Xom
Yredelemnul
Zin
The Shining One

Shops:
D:7 [([   D:8 ?


Innate Abilities, Weirdness & Mutations

You can walk through water.
Your dull iron-grey scales are very hard. (AC +13)
You cannot fit into any form of body armour.
You can survive without breathing.
You are cold-blooded and may be slowed by cold attacks.


Message History

You are slowing down.
There is a stone staircase leading up here.
You are engulfed in calcifying dust.
Your limbs have turned to stone.
You have turned to stone.
You are engulfed in calcifying dust. x2
The catoblepas breathes a plume of calcifying dust at you.
The blast of calcifying dust hits you but does no damage.
The catoblepas gores you!!
The catoblepas breathes a plume of calcifying dust at you.
The blast of calcifying dust hits you.
You are engulfed in calcifying dust.
The catoblepas gores you!!
* * * LOW HITPOINT WARNING * * *
You are engulfed in calcifying dust.
The catoblepas gores you but does no damage.
You are engulfed in calcifying dust.
The catoblepas gores you.
* * * LOW HITPOINT WARNING * * *
You are engulfed in calcifying dust.
The catoblepas gores you!!
* * * LOW HITPOINT WARNING * * *
The catoblepas gores you!!
You die...

#.#P#### ##..# #.######....
#...#..# #..## ##.8.#....##
#......###
##..####.....#.....
###.P...P##
##.P##.#8.>..+...8.
####....#
#..####......#..... ##..P#
##.## ###.8.#.....# ##.##
#..P# ######.##.... #..#
##§####..# #####... ##.##
#@......# ##.... ##..#
#Y..P#.######.#...
#.#.#######...##.##.##......
###...#.##............#...8.
###.##.#..#..##.#.###.#...
#..#.#...#..#####.##.....
##..###..#..###....#.....
##..# #..#..##..######...
#.#######.........#.#..P.


You could see a catoblepas.

Vanquished Creatures
  Erica (D:8)
  3 two-headed ogres
  A catoblepas (Lair:2)
  A tengu warrior (D:10)
  2 cyclopes (D:11)
  A manticore (D:11)
  5 centaur zombies
  Joseph (D:8)
  A black mamba (Lair:1)
  4 cane toads
  3 komodo dragons (Lair:1)
  A hellwing (D:6)
  3 polar bears
  5 trolls
  A slime creature (Lair:1)
  3 blink frogs (Lair:2)
  4 wyverns
  12 yaks (D:11)
  A wraith (D:11)
  A basilisk (Lair:1)
  Grum (D:8)
  7 water moccasins
  Duvessa (D:5)
  4 orc warriors
  An eye of draining (D:10)
  3 ice beasts
  2 sky beasts
  2 black bears
  9 ogres
  A phantom (D:7)
  14 wolves
  10 centaurs
  3 big kobolds
  A gnoll sergeant (D:9)
  15 bullfrogs
  A wyvern skeleton (D:7)
  Dowan (D:6)
  9 scorpions
  6 killer bees
  4 wights
  A bullfrog zombie (D:7)
  8 jellies
  7 orc priests
  6 hounds
  10 orc wizards
  A bullfrog skeleton (D:4)
  4 centaur skeletons
  Ijyb (D:4)
  6 iguanas
  7 worker ants
  A killer bee zombie (D:6)
  2 hound zombies (D:10)
  A worker ant zombie (D:5)
  Robin (D:2)
  3 gnolls (D:9)
  11 adders
  A howler monkey skeleton (D:10)
  5 shadow imps
  A white imp (D:5)
  5 ufetubi
  14 oozes (Lair:1)
  2 adder skeletons
  4 worms
  2 leopard geckos
  47 orcs
  A ball python (D:3)
  9 bats
  8 giant cockroaches
  10 hobgoblins
  8 jackals
  16 kobolds
  5 quokkas
  3 frilled lizards
  A giant cockroach zombie (D:5)
  12 goblins
  A quokka skeleton (D:4)
  A quokka zombie (D:6)
  4 rats
379 creatures vanquished.

Vanquished Creatures (collateral kills)
  5 foxfires
5 creatures vanquished.

Vanquished Creatures (others)
  A hobgoblin (D:3)
  A bush (D:11)
  1120 foxfires
  17 fungi
  46 plants
  9 withered plants (D:7)
1194 creatures vanquished.

Grand Total: 1578 creatures vanquished

Notes
Turn   | Place    | Note
-------+----------+-------------------------------------------
     0 | D:1      | BarneyGumball the Draconian Fire Elementalist began the
                  | quest for the Orb.
     0 | D:1      | Reached XP level 1. HP: 14/14 MP: 3/3
   309 | D:1      | Found a glowing golden altar of the Shining One.
   370 | D:1      | Reached XP level 2. HP: 20/20 MP: 0/5
   847 | D:2      | Reached XP level 3. HP: 26/26 MP: 1/6
  1274 | D:2      | Reached XP level 4. HP: 33/33 MP: 2/7
  1584 | D:2      | Noticed Robin
  1588 | D:2      | Killed Robin
  1588 | D:2      | Reached skill level 4 in Fire Magic
  1691 | D:2      | Learned a level 3 spell: Conjure Flame
  2349 | D:4      | Found an ancient bone altar of Kikubaaqudgha.
  2402 | D:4      | Found a stormy altar of Qazlal.
  2459 | D:4      | Reached XP level 5. HP: 38/38 MP: 8/8
  3152 | D:4      | Reached skill level 5 in Fire Magic
  3152 | D:4      | Reached XP level 6. HP: 45/45 MP: 5/9
  3654 | D:4      | Found a staircase to the Ecumenical Temple.
  3663 | Temple   | Entered the Ecumenical Temple
  4284 | D:4      | Noticed Ijyb
  4367 | D:4      | Killed Ijyb
  4745 | D:5      | Entered Level 5 of the Dungeon
  4983 | D:5      | Your scales start taking on a dull iron-grey colour.
  4983 | D:5      | Reached XP level 7. HP: 50/50 MP: 6/10
  4983 | D:5      | Gained mutation: You can survive without breathing. [Grey
                  | Draconian growth]
  5482 | D:5      | Reached skill level 5 in Conjurations
  5542 | D:5      | Reached skill level 1 in Fighting
  5542 | D:5      | Reached skill level 6 in Fire Magic
  6244 | D:6      | Noticed Duvessa
  6247 | D:6      | Noticed Dowan
  6326 | D:6      | Reached XP level 8. HP: 54/62 MP: 0/11
  6431 | D:6      | Killed Dowan
  6565 | D:5      | Reached skill level 7 in Fire Magic
  6714 | D:5      | Killed Duvessa
  7500 | D:6      | Reached skill level 8 in Fire Magic
  7557 | D:6      | Found a radiant altar of Vehumet.
  7565 | D:6      | Became a worshipper of Vehumet
  7595 | D:6      | Learned a level 4 spell: Sticky Flame
  7628 | D:6      | Reached XP level 9. HP: 63/71 MP: 0/12
  7759 | D:6      | Found an iron altar of Okawaru.
  8045 | D:7      | Noticed a hellwing
  8488 | D:7      | Noticed a hellwing
  8755 | D:6      | Killed a hellwing
  9188 | D:7      | Found Cixkehue's Antique Armour Boutique.
  9224 | D:7      | Reached skill level 5 in Fighting
  9224 | D:7      | Reached skill level 9 in Fire Magic
  9339 | D:7      | Reached * piety under Vehumet
  9339 | D:7      | Offered knowledge of Magic Dart by Vehumet.
  9843 | D:7      | Reached XP level 10. HP: 83/83 MP: 3/13
 10094 | D:7      | Found Ryovoxt's Armour Boutique.
 10109 | D:7      | Reached skill level 10 in Fire Magic
 10289 | D:7      | Found Keogon's Antique Weapon Emporium.
 10334 | D:7      | Found an ornate altar of the Wu Jian Council.
 10582 | D:8      | Found a shimmering blue altar of Sif Muna.
 10606 | D:8      | Found Ojexzy's Magic Scroll Boutique.
 10614 | D:8      | Bought a scroll of summoning for 95 gold pieces
 10614 | D:8      | Bought a scroll of immolation for 35 gold pieces
 10614 | D:8      | Bought 3 scrolls of identify for 60 gold pieces
 10705 | D:8      | Noticed Joseph
 10737 | D:8      | Paralysed by Joseph for 6 turns
 10751 | D:8      | Paralysed by Joseph for 7 turns
 11075 | D:8      | Noticed Grum
 11106 | D:8      | Killed Grum
 11106 | D:8      | Reached skill level 10 in Conjurations
 11412 | D:8      | Killed Joseph
 11701 | D:8      | Noticed Erica
 11725 | D:8      | Killed Erica
 12069 | D:9      | Offered knowledge of Shock by Vehumet.
 12072 | D:9      | Reached ** piety under Vehumet
 12657 | D:9      | Reached skill level 11 in Fire Magic
 13433 | D:10     | Entered Level 10 of the Dungeon
 13545 | D:9      | Reached XP level 11. HP: 69/89 MP: 12/17
 13611 | D:10     | Offered knowledge of Frozen Ramparts by Vehumet.
 13618 | D:10     | Learned a level 5 spell: Fireball
 13910 | D:10     | Reached *** piety under Vehumet
 14128 | D:10     | Found a staircase to the Orcish Mines.
 14177 | D:10     | Offered knowledge of Iskenderun's Mystic Blast by Vehumet.
 14183 | D:10     | Learned a level 4 spell: Iskenderun's Mystic Blast
 14914 | D:10     | Noticed a two-headed ogre
 14943 | D:10     | Killed a two-headed ogre
 15048 | D:10     | Noticed a tengu warrior
 15064 | D:10     | Killed a tengu warrior
 15143 | D:10     | Found a runed translucent door.
 15182 | D:10     | Reached skill level 5 in Spellcasting
 15307 | D:10     | Noticed a two-headed ogre
 15318 | D:10     | Killed a two-headed ogre
 15456 | D:11     | Noticed a two-headed ogre
 15772 | D:10     | Reached skill level 12 in Fire Magic
 15909 | D:11     | Reached **** piety under Vehumet
 15973 | D:11     | Killed a two-headed ogre
 16111 | D:11     | Reached skill level 1 in Short Blades
 16237 | D:11     | Found a staircase to the Lair.
 16239 | D:11     | Reached skill level 1 in Evocations
 16294 | D:11     | Offered knowledge of Lee's Rapid Deconstruction by Vehumet.
 16445 | D:11     | Learned a level 5 spell: Lee's Rapid Deconstruction
 16967 | D:11     | Reached XP level 12. HP: 96/96 MP: 10/20
 17865 | Lair:1   | Entered Level 1 of the Lair of Beasts
 19257 | D:7      | Bought a +0 pair of boots of running for 504 gold pieces
 19437 | Lair:1   | Reached skill level 5 in Dodging
 19787 | Lair:2   | Reached ***** piety under Vehumet
 19979 | Lair:2   | Offered knowledge of Spellforged Servitor by Vehumet.
 20065 | Lair:2   | Noticed a catoblepas
 20612 | Lair:2   | Noticed a catoblepas
 20662 | Lair:2   | Killed a catoblepas
 21485 | Lair:2   | HP: 2/96 [catoblepas (13)]
 21486 | Lair:2   | Mangled by a catoblepas

Illustrated notes

Levels and vault maps discovered:
D:1:      dpeg_arrival_lava_altar, layout_rooms, kennysheep_small_spiral,
          tso_metal_star
D:2:      layout_basic, serial_rivers, chequers_serial_rivers_small_a,
          chequers_serial_rivers_small_3, chequers_serial_rivers_micro_e,
          chequers_serial_rivers_micro_d, chequers_serial_rivers_small_a,
          chequers_serial_rivers_room_a, chequers_serial_rivers_micro_a,
          uniq_robin
D:3:      layout_loops_ring, elyvilon_altar_4
D:4:      layout_basic, kiku_gazebo_garden_becter, temple_hall,
          nicolae_qazlal_eye_of_the_storm, uniq_ijyb
D:5:      layout_basic
D:6:      layout_cave_pools, vehumet_crystals, okawaru_trees_1, nrook_campfire,
          uniq_duvessa
D:7:      cheibrodos_grave_circle, layout_rooms, lemuel_crystal_altar,
          serial_shops, nicolae_shop_window_shopping, shop,
          kennysheep_little_box
D:8:      layout_basic, basic_altar, serial_shops, shop, uniq_joseph,
          uniq_erica, uniq_grum
D:9:      layout_roguey
D:10:     layout_gridville, hiddenorc1_lemuel, minmay_st_funbox
D:11:     layout_roguey, minmay_lair_entry_grove
D:12:     layout_long_grid, biasface_ghost_orc_armoury, basic_altar, bloody_trog
Temple:   eino_temple_scatter_basement
Lair:1:   lemuel_slime, layout_cave_pods, patterned_corridor
Lair:2:   layout_loops_ring, grunt_megastairs_1

Skill      XL: |  1  2  3  4  5  6  7  8  9 10 11 12 |
---------------+-------------------------------------+-----
Conjurations   | 2 3 4 6 7 9 10 11 | 11.8
Fire Magic     | 4 5 6 8 9 11 12 | 12.3
Fighting       | 2 4 5 6 |  6.0
Spellcasting   | 4 5 9 |  9.1
Short Blades   | 2 |  2.4
Stealth        | 3 |  3.0
Dodging        | 3 5 |  5.8
Evocations     | 2 |  2.1

Action                   |  1- 3 |  4- 6 |  7- 9 | 10-12 || total
-------------------------+-------+-------+-------+-------++-------
Melee: Unarmed           |    24 |       |       |       ||    24
       Tailslap          |     5 |     3 |    12 |    28 ||    48
       Dagger            |       |    49 |    47 |   182 ||   278
 Cast: Foxfire           |    52 |   124 |   235 |   279 ||   690
       Conjure Flame     |       |     6 |     3 |    29 ||    38
       Sticky Flame      |       |       |    20 |   146 ||   166
       Fireball          |       |       |       |    31 ||    31
  Use: Scroll            |       |       |     9 |    16 ||    25
       Potion            |       |       |     2 |       ||     2
 Stab: Sleeping          |       |     2 |       |     2 ||     4
Armor: Skin              |    22 |    30 |   132 |   183 ||   367
Dodge: Dodged            |    41 |    57 |   162 |   297 ||   557

Table legend: (Time is in decaauts)
 A = Elapsed time spent in this place.
 B = Non-inter-level travel time spent in this place.
 C = Inter-level travel time spent in this place.
 D = Time resting spent in this place.
 E = Time spent auto-exploring this place.
 F = Levels seen in this place.
 G = Mean time per level.
                   A        B        C        D        E       F      G
               +--------+--------+--------+--------+--------+-----+--------+
         Total |  21366 |  20061 |   1305 |   7249 |   7774 |  15 | 1424.4 |
       Dungeon |  17909 |  16877 |   1032 |   5821 |   6531 |  12 | 1492.4 |
        Temple |    161 |    143 |     18 |      0 |    143 |   1 |  161.0 |
          Lair |   3295 |   3040 |    255 |   1428 |   1100 |   2 | 1647.5 |
               +--------+--------+--------+--------+--------+-----+--------+

Top non-repeatable levels by time:
     D:6: 2473 daAuts
     D:4: 2282 daAuts
     D:5: 2280 daAuts
    D:11: 2128 daAuts
    D:10: 2125 daAuts
  Lair:1: 2104 daAuts
     D:9: 1667 daAuts
     D:7: 1606 daAuts
     D:2: 1397 daAuts
  Lair:2: 1190 daAuts
     D:8: 1042 daAuts
     D:1: 578 daAuts
     D:3: 324 daAuts
  Temple: 161 daAuts
    D:12: 1 daAuts
